 Dungeon Crawl Stone Soup version 0.30-a0-377-g5cb311bc9f (webtiles) character file.

Game seed: 4091384097606268190

571 bande the Chopper (level 7, -4/44 HPs)
             Began as a Gargoyle Fighter on Nov 29, 2022.
             Slain by Pikel
             ... wielding a +0 whip of electrocution
              (8 damage)
             ... on level 5 of the Dungeon.
             The game lasted 00:08:24 (4007 turns).

bande the Chopper (Gargoyle Fighter)                Turns: 4007, Time: 00:08:25

Health: -4/44      AC: 18    Str: 19    XL:     7   Next: 34%
Magic:  16/16      EV:  9    Int: 11    God:
Gold:   219        SH:  4    Dex: 11    Spells: 6/6 levels left

rFire   . . .      SeeInvis .    a - +1 war axe
rCold   . . .      Faith    .    c - +0 buckler
rNeg    + + +      Spirit   .    b - +0 scale mail
rPois   ∞          Reflect  .    t - +0 helmet
rElec   +          Harm     .    n - +0 cloak
rCorr   .          Rampage  .    (no gloves)
Will    .....                    (no boots)
Stlth   ..........               (no amulet)
HPRegen 0.27/turn                p - ring of Putefon {rElec rN++ MP+9 Int+2}
MPRegen 0.15/turn                u - +4 ring of protection

@: no status effects
A: sickness immunity, AC +4, negative energy resistance 1, electricity
resistance, torment resistance 1, petrification resistance
a: no special abilities


You were on level 5 of the Dungeon.
You visited 1 branch of the dungeon, and saw 5 of its levels.

You collected 232 gold pieces.
You spent 13 gold pieces at shops.

Inventory:

Hand Weapons
 a - a +1 war axe (weapon)
 e - a +0 longbow
 o - a +0 flail
 v - a +0 war axe
Missiles
 h - 5 throwing nets (quivered)
Armour
 b - a +0 scale mail (worn)
 c - a +0 buckler (worn)
 n - a +0 cloak (worn)
 t - a +0 helmet (worn)
Jewellery
 p - the ring of Putefon (left hand) {rElec rN++ MP+9 Int+2}
   (You found it on level 3 of the Dungeon)

   [ring of magical power]

   Int:       It affects your intelligence (+2).
   rElec:     It insulates you from electricity.
   rN:        It greatly protects you from negative energy.
   MP:        It affects your magic capacity (+9).
 u - a +4 ring of protection (right hand)
Wands
 s - a wand of mindburst (4)
 x - a wand of charming (9)
Scrolls
 g - 5 scrolls of teleportation
 r - 3 scrolls of enchant weapon
Potions
 d - 3 potions of might
 f - a potion of flight
 i - a potion of cancellation
 j - a potion of mutation
 k - 2 potions of curing
 l - 3 potions of invisibility
 m - a potion of heal wounds
 q - 3 potions of brilliance


   Skills:
 + Level 4.6 Fighting
 + Level 5.1 Axes
 + Level 4.8 Armour
 + Level 4.2 Shields
 * Level 1.3 Evocations


You had 6 spell levels left.
You didn't know any spells.
Your spell library was empty.

Dungeon Overview and Level Annotations

Branches:
Dungeon (5/15)
 Temple: D:4-7

Altars:

Shops:
D:3 ?[[!

Annotations:
D:5 Pikel


Innate Abilities, Weirdness & Mutations

You are immune to sickness and miasma.
Your stone body is resilient. (AC +4)
You are immune to poison.
You resist negative energy. (rN+)
You are resistant to electric shocks. (rElec)
You are resistant to unholy torment.
You are immune to petrification.


Message History

The lemure is heavily wounded.
You hit Pikel. Pikel hits you but does no damage. The lemure hits you.
You hit the lemure.
The lemure is heavily wounded.
You hit Pikel but do no damage.
Pikel hits you with a +0 whip of electrocution.
The lemure barely misses you.
Pikel hits you with a +0 whip of electrocution.
The lemure closely misses you. Pikel attacks as you move away!
Pikel hits you with a +0 whip of electrocution!
* * * LOW HITPOINT WARNING * * *
You slash the lemure!
The lemure is almost dead.
The lemure hits you but does no damage.
Unknown command.
You barely miss the lemure.
The lemure is almost dead.
The lemure barely misses you.
Unknown command.
You barely miss the lemure.
The lemure is almost dead.
You closely miss Pikel.
Pikel is moderately wounded.
You closely miss Pikel.
Pikel is moderately wounded.
Pikel hits you with a +0 whip of electrocution!
* * * LOW HITPOINT WARNING * * *
Pikel barely misses you.
You closely miss Pikel.
Pikel is lightly wounded.
Pikel hits you but does no damage.
You closely miss Pikel.
Pikel is lightly wounded.
Pikel hits you with a +0 whip of electrocution.
* * * LOW HITPOINT WARNING * * *
You slash Pikel!
Pikel is moderately wounded.
Pikel hits you with a +0 whip of electrocution!
You die...

......#.......####...#
......#####.....##...#
......##........##...#
......##.######.##...###
......##.# ....#.....
......##.# #......####.##
..<...##.# #.##..........
......##.# #.##5..####.#
......##.####+#.@K55........
......##........###..####.##
......#####.....# #...>.
####### #.....# ##.#.##
#.....# #.#.# #.....# #.. #
#.....# ##.. #.....# .#
......+


You could see Pikel (strong) and 3 lemures.

Vanquished Creatures
  A phantom (D:5)
  A lemure (D:5)
  A necrophage (D:5)
  A scorpion (D:5)
  2 hounds (D:5)
  2 iguanas
  12 gnolls
  6 adders
  3 worms
  2 dart slugs (D:1)
  8 orcs
  4 ball pythons
  8 bats
  6 endoplasms
  8 giant cockroaches
  5 goblins
  8 hobgoblins
  A quokka (D:1)
  2 frilled lizards
  6 kobolds
  5 rats
92 creatures vanquished.

Notes
Turn   | Place    | Note
-------+----------+-------------------------------------------
     0 | D:1      | bande the Gargoyle Fighter began the quest for the Orb.
     0 | D:1      | Reached XP level 1. HP: 14/14 MP: 1/1
   131 | D:1      | Reached XP level 2. HP: 19/19 MP: 2/2
   221 | D:1      | Found a faded altar of an unknown god.
   378 | D:1      | Reached skill level 2 in Axes
   505 | D:1      | Reached XP level 3. HP: 23/23 MP: 3/3
  1185 | D:2      | Reached XP level 4. HP: 29/29 MP: 4/4
  1478 | D:3      | Found Qofad's Distillery.
  1482 | D:3      | Bought a potion of degeneration for 13 gold pieces
  1524 | D:3      | Reached skill level 3 in Axes
  1618 | D:3      | Reached XP level 5. HP: 11/33 MP: 5/5
  1720 | D:3      | Identified the ring of Putefon {rElec rN++ MP+9 Int+2}
  1956 | D:3      | Found Zesh's Armour Shop.
  2095 | D:3      | Found Ijoeng's Antique Armour Boutique.
  2176 | D:3      | Found Imeul's Magic Scroll Shop.
  2719 | D:4      | Reached skill level 4 in Axes
  2743 | D:3      | Reached XP level 6. HP: 32/38 MP: 6/6
  3703 | D:5      | Entered Level 5 of the Dungeon
  3800 | D:5      | Reached skill level 1 in Evocations
  3800 | D:5      | Reached XP level 7. HP: 37/44 MP: 7/7
  3896 | D:5      | Reached skill level 5 in Axes
  3984 | D:5      | Noticed Pikel
  4007 | D:5      | Slain by Pikel

Illustrated notes

Levels and vault maps discovered:
D:1:      eino_arrival_cavern_a, layout_loops_ring,
          ebering_ecumenical_altar_sacrificial
D:2:      layout_rooms, interstate_on_off
D:3:      layout_loops_cross, serial_shops, nicolae_square_shop,
          nicolae_shop_hallway_stairs, shop, nicolae_shop_waterfront,
          minivault_5, serial_bayou_pond_d
D:4:      layout_basic
D:5:      layout_basic, tso_metal_star, minmay_misc_feat_more_columns,
          uniq_prince_ribbit1, uniq_pikel

Skill      XL: |  1  2  3  4  5  6  7 |
---------------+----------------------+-----
Axes           | 2 3 4 5 |  5.1
Fighting       | 4 |  4.6
Shields        | 4 |  4.2
Armour         | 4 |  4.8
Evocations     | 1 |  1.3

Action                   |  1- 3 |  4- 6 |  7- 9 || total
-------------------------+-------+-------+-------++-------
Melee: War axe           |   119 |   161 |    48 ||   328
  Use: Scroll            |     9 |     5 |     1 ||    15
Armor: Scale mail        |    67 |   112 |    28 ||   207
Dodge: Dodged            |    68 |    88 |    32 ||   188
Block: Buckler           |    24 |    43 |    11 ||    78

Table legend: (Time is in decaauts)
 A = Elapsed time spent in this place.
 B = Non-inter-level travel time spent in this place.
 C = Inter-level travel time spent in this place.
 D = Time resting spent in this place.
 E = Time spent auto-exploring this place.
 F = Levels seen in this place.
 G = Mean time per level.
                   A        B        C        D        E       F      G
               +--------+--------+--------+--------+--------+-----+--------+
         Total |   4130 |   4031 |     99 |    749 |   2340 |   5 |  826.0 |
       Dungeon |   4130 |   4031 |     99 |    749 |   2340 |   5 |  826.0 |
               +--------+--------+--------+--------+--------+-----+--------+

Top non-repeatable levels by time:
     D:3: 1230 daAuts
     D:4: 1038 daAuts
     D:1: 925 daAuts
     D:2: 613 daAuts
     D:5: 323 daAuts
